Map: Romanticide LE

Players

ExpecT - Winner!

  • Race: Terran Terran

ButAlways

  • Race: Protoss Protoss

Event: DreamHack SC2 Masters 2021 Fall

VOD

Have the link to the VOD?

Description

Time

  • Played on: July 31, 2021, 9:08 a.m.
  • Length: 18:17

All games in this series

Show
View Real Time Build Order
Export as new Build Order

ExpecT Terran - Winner!

Build Orders:  

Get SALT Encoding   

  12  0:00  SCV  
  13  0:12  SCV  
  14  0:16  Supply Depot  
  14  0:24  SCV  
  15  0:38  SCV  
  15  0:40  Barracks  
  16  0:44  Refinery  
  16  0:50  SCV  
  17  1:02  SCV  
  18  1:14  SCV  
  19  1:28  Orbital Command  
  19  1:29  Marine  
  20  1:46  Command Center  
  20  1:49  Barracks Reactor  
  20  1:54  SCV  
  21  2:06  SCV, Supply Depot  
  22  2:11  Factory  
  22  2:18  SCV  
  22  2:22  Refinery  
  23  2:28  Marine x2  
  25  2:34  SCV, Bunker  
  26  2:46  SCV  
  29  2:57  Factory Tech Lab  
  29  2:58  SCV, Starport  
  30  3:00  Orbital Command  
  28  3:05  Marine  
  28  3:06  Marine  
  28  3:10  SCV  
  31  3:16  Cyclone  
  34  3:23  SCV  
  35  3:27  SCV  
  36  3:35  Viking, SCV  
  36  3:36  Marine  
  36  3:37  Marine  
  36  3:40  Supply Depot  
  41  3:43  SCV  
  42  3:49  Cyclone  
  42  3:52  SCV  
  46  4:01  SCV  
  47  4:05  Marine  
  47  4:06  Marine  
  47  4:07  Viking  
  51  4:10  SCV  
  51  4:11  Supply Depot  
  51  4:13  SCV  
  53  4:20  Supply Depot  
  53  4:28  SCV  
  54  4:32  SCV  
  54  4:35  Command Center  
  55  4:41  SCV  
  55  4:43  Siege Tank  
  55  4:44  Supply Depot  
  59  4:46  Marine x2  
  59  4:49  Liberator  
  59  4:52  SCV  
  65  4:53  SCV  
  65  4:55  Supply Depot  
  66  5:04  Barracks  
  66  5:07  SCV, Barracks  
  66  5:08  SCV  
  68  5:17  Supply Depot  
  68  5:19  Marine x2  
  68  5:20  SCV  
  71  5:29  SCV  
  71  5:31  Refinery  
  71  5:32  SCV  
  71  5:33  Refinery  
  71  5:34  Supply Depot, Engineering Bay  
  73  5:36  Factory Tech Lab, Starport Reactor  
  73  5:41  SCV  
  74  5:45  SCV  
  74  5:47  Marine x2  
  74  5:48  Orbital Command  
  77  5:53  SCV  
  77  5:57  SCV  
  79  6:03  Factory Tech Lab  
  79  6:04  Stimpack  
  79  6:06  Marine x2, SCV  
  79  6:07  Marine x2  
  79  6:09  SCV  
  85  6:13  Orbital Command  
  85  6:18  SCV  
  86  6:21  SCV  
  86  6:22  Barracks  
  86  6:23  Barracks  
  87  6:30  SCV  
  87  6:31  Medivac x2  
  96  6:33  SCV, Marauder x2  
  96  6:34  Marine x2  
  96  6:39  Terran Infantry Weapons Level 1  
  96  6:40  SCV  
  96  6:42  SCV  
  98  6:52  SCV x2  
  98  6:54  Missile Turret  
  100  6:56  Missile Turret  
  100  6:57  Supply Depot  
  100  6:58  Missile Turret  
  100  7:01  Marine x2, Marauder x2  
  105  7:04  Siege Tank  
  105  7:07  SCV  
  105  7:08  SCV x2  
  112  7:13  Barracks Reactor  
  112  7:14  Barracks Tech Lab  
  112  7:15  Viking x2  
  114  7:22  Refinery, Supply Depot x2  
  116  7:24  SCV x3  
  116  7:27  Refinery  
  119  7:33  Concussive Shells, Marauder x3  
  119  7:34  Combat Shield  
  125  7:43  Siege Tank  
  127  7:51  Viking x2  
  127  7:54  Marine x2  
  127  7:55  Marine x2, Marauder x2  
  127  7:56  Marauder  
  141  8:10  Command Center  
  141  8:11  Supply Depot  
  141  8:13  Supply Depot  
  141  8:20  Armory  
  141  8:21  Viking x2  
  141  8:23  Engineering Bay  
  141  8:24  Marauder x2  
  149  8:33  Marine x5, Ghost Academy, Siege Tank  
  156  8:50  Marine x5, Marauder x2  
  152  9:05  Siege Tank  
  152  9:08  Marine, Viking x2  
  152  9:09  Marauder  
  160  9:11  Marauder  
  162  9:18  Starport x2  
  162  9:19  Terran Infantry Weapons Level 2  
  162  9:20  Supply Depot x2  
  162  9:22  SCV x2  
  162  9:23  SCV  
  161  9:33  Marine  
  161  9:37  Terran Infantry Armor Level 1, Terran Ship Weapons Level 1  
  159  9:38  Marine x2  
  159  9:39  Marauder x2  
  162  9:47  Marine  
  162  9:48  Marauder  
  162  9:51  Marine, Viking x2  
  170  9:53  Orbital Command  
  170  9:58  SCV x3  
  173  10:01  Marine  
  173  10:02  Marine x2  
  174  10:15  SCV x2  
  174  10:16  SCV  
  177  10:24  Starport Reactor x2  
  177  10:27  Marine x6  
  181  10:29  Viking x2  
  181  10:34  Refinery  
  185  10:40  Enhanced Shockwaves  
  185  10:42  Marine, Command Center  
  185  10:46  Refinery, Marauder  
  181  11:01  Viking x4  
  181  11:02  Viking  
  181  11:03  Medivac  
  191  11:20  Command Center  
  191  11:31  Viking x2  
  193  11:36  Viking x3  
  193  11:37  Viking  
  195  11:53  Barracks  
  195  11:54  Barracks  
  195  11:58  Barracks  
  194  12:05  Viking x2  
  194  12:06  Viking x3  
  199  12:13  Medivac  
  194  12:20  Orbital Command  
  194  12:29  SCV x2  
  197  12:30  SCV x2  
  197  12:33  Orbital Command  
  197  12:35  Medivac  
  199  12:47  Command Center  
  199  12:50  Barracks Tech Lab  
  199  12:51  Barracks Reactor  
  178  13:09  Marine x4, Marauder  
  141  13:14  Viking  
  141  13:15  Viking x5  
  148  13:21  Barracks Tech Lab, Ghost x3  
  148  13:23  Terran Infantry Armor Level 2, Terran Infantry Weapons Level 3  
  148  13:24  Terran Ship Weapons Level 2  
  154  13:27  Marine x3  
  154  13:29  SCV x5  
  154  13:30  Ghost  
  162  13:36  Marine x3  
  166  13:41  SCV  
  166  13:44  Marine, Viking  
  166  13:45  Marine x2, Viking x2  
  166  13:47  Viking x3  
  181  13:49  SCV  
  181  13:50  Marine x2, SCV x3  
  181  13:53  SCV  
  188  14:07  Command Center  
  188  14:09  Ghost x3  
  188  14:10  Marine x4  
  188  14:11  Planetary Fortress, Unknown  
  188  14:12  Sensor Tower  
  188  14:16  Sensor Tower  
  188  14:17  Missile Turret x2  
  198  14:38  Fusion Core  
  198  14:39  Command Center  
  198  14:40  Armory  
  198  14:44  Starport  
  198  14:46  Starport  
  198  14:47  Starport  
  198  15:02  Viking  
  177  15:26  Starport Tech Lab  
  177  15:27  Starport Tech Lab x2  
  177  15:28  Viking x5  
  177  15:30  Ghost x4  
  177  15:31  Marine x6  
  190  15:36  Orbital Command  
  183  15:43  Refinery  
  183  15:44  Refinery  
  174  15:51  Ghost  
  174  15:52  Marine x4  
  174  15:54  Viking x4  
  172  15:58  Marine x2, Viking x3, Ghost x2  
  172  15:59  Ghost x2  
  188  16:08  Viking  
  188  16:09  Viking  
  188  16:10  Marine x4  
  195  16:16  Marine  
  178  16:20  Ghost  
  178  16:21  Marine  
  178  16:24  Viking, Medivac x2  
  187  16:27  Marine x2, Ghost x3  
  190  16:34  Viking  
  190  16:35  Viking x2  
  157  16:47  Viking x2  
  155  16:54  Viking x4  
  155  16:57  Ghost  
  155  16:58  Marine x2  
  159  17:04  Viking  
  159  17:07  Viking x2  
  159  17:14  Ghost  
  159  17:15  Marine x6  
  164  17:16  Marine  
  164  17:17  Viking  
  165  17:31  Viking x5  
  165  17:35  Marine, Ghost  
  165  17:36  Marine x7  
  165  17:37  Marine  
  184  17:38  Orbital Command  
  184  17:44  Marauder  
  183  17:45  Viking x2  
  176  17:53  Marine x2  
  176  17:54  Marine x2  
  176  17:55  Marauder  
Show
View Real Time Build Order
Export as new Build Order

ButAlways Protoss 

Build Orders: 1 Gate Expand, Phoenix Opening, Carriers, Colossus Rush 

Get SALT Encoding   

  12  0:00  Probe  
  13  0:12  Probe  
  14  0:16  Pylon  
  14  0:24  Probe (Chrono Boost)  
  15  0:36  Probe (Chrono Boost)  
  15  0:37  Gateway  
  16  0:44  Probe (Chrono Boost)  
  16  0:49  Assimilator  
  17  0:51  Probe  
  18  1:03  Probe  
  19  1:20  Nexus  
  19  1:31  Cybernetics Core  
  19  1:33  Probe  
  20  1:40  Assimilator  
  20  1:45  Probe (Chrono Boost)  
  21  1:50  Pylon  
  21  1:57  Probe (Chrono Boost)  
  22  2:02  Probe (Chrono Boost)  
  22  2:06  Adept (Chrono Boost)  
  23  2:12  Probe  
  26  2:20  Stargate  
  26  2:25  Probe (Chrono Boost)  
  26  2:28  Warp Gate  
  27  2:32  Probe (Chrono Boost)  
  27  2:33  Adept  
  31  2:42  Probe (Chrono Boost)  
  31  2:43  Probe (Chrono Boost)  
  32  2:47  Probe (Chrono Boost)  
  32  2:48  Probe (Chrono Boost)  
  34  2:58  Probe  
  34  3:00  Probe  
  34  3:03  Phoenix (Chrono Boost)  
  38  3:10  Probe  
  40  3:12  Robotics Facility, Probe  
  40  3:17  Pylon  
  40  3:22  Probe  
  40  3:25  Probe  
  42  3:28  Phoenix  
  44  3:35  Probe  
  44  3:36  Assimilator  
  44  3:37  Probe  
  44  3:38  Assimilator  
  46  3:41  Shield Battery  
  46  3:47  Probe  
  47  3:49  Probe  
  48  3:56  Phoenix  
  48  3:59  Probe  
  48  4:01  Observer (Chrono Boost), Probe  
  53  4:09  Pylon x2  
  53  4:11  Probe  
  54  4:26  Immortal (Chrono Boost)  
  54  4:27  Robotics Bay, Probe x2  
  54  4:30  Pylon  
  60  4:38  Phoenix  
  60  4:39  Probe x2  
  64  4:48  Pylon  
  64  4:51  Probe  
  64  4:52  Probe  
  66  5:03  Nexus, Phoenix, Probe  
  66  5:05  Probe  
  70  5:11  Colossus (Chrono Boost)  
  70  5:15  Probe  
  70  5:18  Probe  
  77  5:26  Shield Battery  
  77  5:27  Probe  
  77  5:28  Phoenix  
  80  5:30  Probe  
  81  5:35  Pylon  
  81  5:39  Probe  
  83  5:44  Zealot  
  83  5:46  Pylon  
  83  5:48  Shield Battery  
  83  5:49  Shield Battery  
  84  5:53  Forge  
  84  6:01  Colossus (Chrono Boost)  
  84  6:03  Probe  
  91  6:05  Sentry  
  91  6:10  Phoenix  
  96  6:15  Probe  
  94  6:23  Probe x2  
  93  6:27  Probe  
  93  6:30  Assimilator  
  93  6:32  Stargate  
  93  6:33  Assimilator  
  93  6:35  Probe x2  
  93  6:39  Probe  
  94  6:47  Probe x2  
  94  6:49  Observer (Chrono Boost), Phoenix  
  94  6:51  Probe  
  94  6:52  Pylon  
  100  6:59  Probe x2  
  100  7:00  Protoss Air Weapons Level 1  
  102  7:01  Pylon  
  102  7:04  Probe  
  102  7:06  Protoss Ground Weapons Level 1  
  102  7:07  Observer (Chrono Boost)  
  104  7:11  Probe  
  104  7:12  Probe  
  104  7:13  Sentry  
  104  7:14  Pylon  
  108  7:16  Probe  
  108  7:22  Observer (Chrono Boost)  
  112  7:24  Probe  
  112  7:27  Fleet Beacon  
  112  7:29  Nexus  
  111  7:30  Probe  
  111  7:32  Probe  
  111  7:36  Probe  
  114  7:39  Observer  
  114  7:42  Probe  
  117  7:44  Probe  
  117  7:53  Probe  
  117  7:54  Probe  
  119  7:58  Probe  
  119  8:01  Zealot, Immortal (Chrono Boost)  
  119  8:04  Shield Battery  
  126  8:06  Shield Battery x2  
  126  8:08  Tempest x2 (Chrono Boost), Shield Battery  
  135  8:16  Photon Cannon  
  135  8:25  Shield Battery  
  135  8:28  Observer  
  135  8:31  Stargate  
  135  8:35  Disruptor (Chrono Boost)  
  135  8:41  Zealot, Probe x2  
  128  8:46  Tempest x2  
  137  8:51  Probe x2  
  137  8:53  Probe x2  
  129  9:03  Colossus (Chrono Boost), Probe  
  136  9:21  Nexus  
  136  9:23  Nexus  
  136  9:29  Tempest (Chrono Boost)  
  141  9:33  Pylon  
  141  9:34  Nexus  
  141  9:35  Pylon  
  141  9:38  Pylon  
  141  9:43  Shield Battery  
  141  9:46  Disruptor (Chrono Boost)  
  141  9:48  Tempest (Chrono Boost)  
  141  9:52  Pylon  
  148  9:55  Tempest (Chrono Boost)  
  148  9:57  Pylon x2  
  153  10:01  Shield Battery x2  
  153  10:10  Carrier (Chrono Boost)  
  153  10:11  Observer  
  155  10:16  Colossus (Chrono Boost)  
  161  10:24  Sentry  
  161  10:25  Assimilator  
  168  10:32  Tempest (Chrono Boost)  
  168  10:36  Assimilator  
  168  10:41  Protoss Air Weapons Level 2 (Chrono Boost)  
  168  10:42  Shield Battery  
  168  10:44  Shield Battery  
  168  10:48  Zealot  
  161  11:09  Pylon  
  161  11:11  Pylon x2  
  161  11:13  Pylon  
  161  11:17  Nexus  
  161  11:27  Observer  
  161  11:28  Observer  
  161  11:29  Carrier x2 (Chrono Boost)  
  172  11:38  Carrier (Chrono Boost)  
  174  11:51  Disruptor (Chrono Boost)  
  174  11:53  Nexus  
  177  12:01  Pylon  
  168  12:24  Observer (Chrono Boost)  
  168  12:25  Sentry  
  171  12:30  Carrier (Chrono Boost)  
  171  12:31  Carrier (Chrono Boost)  
  171  12:33  Nexus  
  171  12:34  Pylon, Carrier (Chrono Boost)  
  189  12:51  Pylon  
  189  12:52  Colossus (Chrono Boost)  
  189  12:53  Pylon  
  189  12:55  Pylon  
  189  12:56  Pylon  
  189  12:58  Pylon  
  132  13:18  Carrier  
  121  13:27  Carrier  
  121  13:32  Nexus  
  133  13:41  Sentry  
  133  13:42  Observer (Chrono Boost)  
  135  13:55  Protoss Air Weapons Level 3  
  135  14:00  Nexus  
  141  14:11  Sentry  
  141  14:14  Probe x3  
  141  14:16  Disruptor (Chrono Boost)  
  146  14:19  Observer  
  146  14:24  Tempest  
  143  14:26  Probe x3  
  151  14:38  Probe x2  
  151  14:42  Probe  
  151  14:44  Observer (Chrono Boost)  
  155  14:50  Probe  
  154  15:00  Void Ray x2 (Chrono Boost)  
  154  15:03  Void Ray (Chrono Boost)  
  157  15:34  Void Ray x2 (Chrono Boost)  
  157  15:42  Disruptor (Chrono Boost), Sentry  
  162  15:50  Void Ray (Chrono Boost)  
  166  16:04  Void Ray  
  170  16:11  Disruptor (Chrono Boost)  
  165  16:19  Void Ray  
  164  16:44  Disruptor (Chrono Boost)  
  122  17:09  Tempest x2  
  128  17:24  Nexus  
  128  17:25  Void Ray  

Tags
 
Add a new tag
Caveats
  • Supply blocks, unpowered buildings, or Contaminate may cause inaccurate times.
  • Supply counts are checked every 10 seconds.